 Dungeon Crawl Stone Soup version 0.30-a0-457-g4b7bca3bfa (webtiles) character file.

Game seed: 13469221857883697792

2657 RepoMan the Skirmisher (level 9, -10/69 HPs)
             Began as a Demonspawn Hunter on Dec 13, 2022.
             Mangled by Erolcha
             ... wielding a +0 giant club
              (36 damage)
             ... on level 8 of the Dungeon.
             The game lasted 00:52:22 (8787 turns).

RepoMan the Skirmisher (Demonspawn Hunter)          Turns: 8787, Time: 00:52:23

Health: -10/69     AC:  7    Str: 12    XL:     9   Next: 36%
Magic:  9/9        EV: 14    Int: 12    God:
Gold:   91         SH:  5    Dex: 19    Spells: 8/8 levels left

rFire   . . .      SeeInvis .    v - +2 dagger (venom)
rCold   . . .      Faith    .    (no shield)
rNeg    . . .      Spirit   .    c - +0 leather armour
rPois   .          Reflect  +    (helmet restricted)
rElec   .          Harm     .    (no cloak)
rCorr   .          Rampage  .    (no gloves)
Will    .....                    (no boots)
Stlth   +.........               b - amulet of reflection
HPRegen 0.00/turn                m - +4 ring of protection
MPRegen 0.11/turn                y - ring of flight

@: silenced, flying, inhibited regen
A: repulsion field 1, powered by pain 2, demonic touch 2, horns 1, passive
freeze, inhibited regeneration
a: no special abilities


You were on level 8 of the Dungeon.
You visited 2 branches of the dungeon, and saw 10 of its levels.

You collected 420 gold pieces.
You spent 329 gold pieces at shops.

Inventory:

Hand Weapons
 d - a +1 dagger of draining
 v - a +2 dagger of venom (weapon)
 w - a +0 shortbow
Missiles
 g - 10 curare-tipped darts
 u - 7 poisoned darts
Armour
 c - a +0 leather armour (worn)
Jewellery
 b - an amulet of reflection (around neck)
 m - a +4 ring of protection (left hand)
 y - a ring of flight (right hand)
Wands
 a - a wand of digging (4)
Scrolls
 f - a scroll of enchant armour
 h - a scroll of vulnerability
 j - a scroll of silence
 l - a scroll of amnesia
 n - a scroll of magic mapping
 o - 2 scrolls of poison
 p - 4 scrolls of fog
 q - a scroll of brand weapon
 r - a scroll of fear
 s - a scroll of immolation
 t - a scroll of teleportation
Potions
 e - 3 potions of mutation
 i - a potion of cancellation
 k - 2 potions of attraction
 x - 2 potions of ambrosia


   Skills:
 + Level 6.1 Fighting
 + Level 5.5 Short Blades
 * Level 9.6 Ranged Weapons
 - Level 1.7 Dodging
 - Level 0.8 Stealth


You had 8 spell levels left.
You didn't know any spells.
Your spell library contained the following spells:

 Spells                   Type           Power      Damage    Failure   Level
 Sandblast                Erth           0%         2d4       38%         1
 Passwall                 Tmut/Erth      0%         N/A       54%         2
 Dazzling Flash           Conj/Hex       0%         N/A       77%         3
 Frozen Ramparts          Ice            0%         1d1       77%         3
 Portal Projectile        Hex/Tloc       0%         N/A       77%         3
 Stone Arrow              Conj/Erth      0%         3d7       77%         3
 Tukima's Dance           Hex            0%         N/A       77%         3
 Ice Form                 Ice/Tmut       0%         N/A       99%         4
 Iskenderun's Mystic Bla  Conj/Tloc      0%         2d3       99%         4
 Summon Ice Beast         Ice/Summ       0%         N/A       99%         4
 Blade Hands              Tmut           0%         N/A       100%        5
 Starburst                Conj/Fire      0%         6d3       100%        6


Dungeon Overview and Level Annotations

Branches:
Dungeon (9/15)             Temple (1/1) D:4
   Lair: D:8-11         Orc: D:9-12

Altars:
Ashenzari
Cheibriados
Fedhas
Gozag
Kikubaaqudgha
Makhleb
Nemelex Xobeh
Okawaru
Qazlal
Sif Muna
Trog
Uskayaw
Vehumet
Wu Jian
Xom

Shops:
D:1 *   D:6 ?

Annotations:
D:3 3 runed translucent doors, 2 transporters, Ijyb; voshxx's ghost, amateur MiHu
D:5 exclusion: downstairs
D:6 exclusion: steam dragon
D:7 dream sheep
D:8 exclusion: steam dragon, Erolcha


Innate Abilities, Weirdness & Mutations

You are surrounded by a mild repulsion field. (EV +2)
You sometimes gain power by taking damage.
Your touch may inflict irresistible damage on your foes.
You have a pair of small horns on your head.
A frigid envelope surrounds you and freezes all who hurt you.
You do not regenerate when monsters are visible.


Message History

The howler monkey is moderately wounded.
The howler monkey hits you but does no damage.
The howler monkey is very cold.
The howler monkey is severely wounded.
Erolcha zaps a wand.
The puff of flame hits you.
You hit the howler monkey.
The howler monkey is almost dead.
You block the howler monkey's attack.
You hit the howler monkey.
You kill the howler monkey!
You hit Erolcha.
Erolcha is poisoned.
Your touch misses Erolcha.
Erolcha is lightly wounded.
Erolcha hits you with a +0 giant club!!
Erolcha is very cold.
Erolcha is lightly wounded.
A gargoyle comes into view. It is wielding a +0 mace.
You fly upwards.
Level annotation: exclusion: steam dragon
There is a stone staircase leading down here.
You see here a +0 club.
You hit Erolcha but do no damage.
Erolcha looks as sick as possible!
Erolcha is lightly wounded.
You block Erolcha's attack.
You hit Erolcha but do no damage.
You touch Erolcha!
Erolcha is moderately wounded.
You barely miss Erolcha. You headbutt Erolcha, but do no damage.
Erolcha is moderately wounded.
Erolcha barely misses you.
You hit Erolcha but do no damage. You headbutt Erolcha.
Erolcha is heavily wounded.
You hit Erolcha.
Erolcha looks as sick as possible!
You touch Erolcha!
Erolcha is severely wounded.
Erolcha hits you with a +0 giant club!
Erolcha is very cold.
Erolcha is almost dead.
You hit Erolcha but do no damage.
Erolcha looks as sick as possible!
Erolcha is almost dead.
You barely miss Erolcha. You headbutt Erolcha.
Erolcha is almost dead.
Erolcha hits you with a +0 giant club!!!
Ouch! That really hurt!
You die...

###########'#.##'####.# ##
#........#.......# ##.
#........#.......# ##..
#........#...<...# ###...
#........#....).### ###....#
#........#........###.....##
#........#......##.......##
####..<..)....)...........###
#..........###@O...)....###
#..........'...#.##.(###### ###
#..........#####........#.###..
#....#.##.......#.#####........
#....#.##.####.##.##..)###...##
#....#.##...##....#.....#.###.#
#....#.####.####.#.#...#...#...
######.####....#...#####...#...
#####.#..+....###.#...#...#...


You could see Erolcha (extremely poisoned).

Vanquished Creatures
  A dream sheep (D:7)
  A water moccasin (D:6)
  3 sky beasts (D:7)
  An ice beast (D:6)
  A black bear (D:4)
  An ogre (D:6)
  3 centaurs
  3 phantoms
  A kobold brigand (D:8)
  A necrophage (D:6)
  2 bullfrogs
  A scorpion (D:5)
  3 wights (D:7)
  3 killer bees (D:8)
  2 howler monkeys
  3 hounds
  An orc priest (D:6)
  3 jellies
  2 gnoll boudas (D:6)
  An iguana (D:5)
  Natasha (D:3)
  3 orc wizards
  Robin (D:2)
  12 gnolls
  4 adders
  A shadow imp (D:7)
  4 white imps
  An ufetubus (D:4)
  A worm (D:2)
  3 dart slugs
  22 orcs
  3 ball pythons
  6 endoplasms
  2 giant cockroaches
  20 goblins
  6 hobgoblins
  11 jackals
  4 quokkas
  7 bats
  3 frilled lizards (D:2)
  9 kobolds
  2 rats (D:1)
163 creatures vanquished.

Vanquished Creatures (others)
  3 fungi (D:3)
  34 plants (D:3)
37 creatures vanquished.

Grand Total: 200 creatures vanquished

Notes
Turn   | Place    | Note
-------+----------+-------------------------------------------
     0 | D:1      | RepoMan the Demonspawn Hunter began the quest for the Orb.
     0 | D:1      | Reached XP level 1. HP: 16/16 MP: 1/1
   178 | D:1      | Gained mutation: Your touch may inflict minor irresistible
                  | damage on your foes. [demonic ancestry]
   178 | D:1      | Reached XP level 2. HP: 22/22 MP: 2/2
   195 | D:1      | Reached skill level 4 in Ranged Weapons
   385 | D:1      | Found Bucwer Rono's General Store.
  1034 | D:2      | Gained mutation: You sometimes gain a little power by
                  | taking damage. [demonic ancestry]
  1034 | D:2      | Reached XP level 3. HP: 28/28 MP: 3/3
  1124 | D:2      | Noticed Robin
  1147 | D:2      | Gained mutation: A frigid envelope surrounds you and
                  | freezes all who hurt you. [potion of mutation]
  1147 | D:2      | Gained mutation: You do not regenerate when monsters are
                  | visible. [potion of mutation]
  1147 | D:2      | Gained mutation: You have a pair of small horns on your
                  | head. [potion of mutation]
  1156 | D:2      | Killed Robin
  1442 | D:2      | Gained mutation: You sometimes gain power by taking damage.
                  | [demonic ancestry]
  1442 | D:2      | Reached XP level 4. HP: 34/34 MP: 4/4
  1686 | D:3      | Found a runed translucent gate.
  1686 | D:3      | Found a runed translucent gate.
  1687 | D:3      | Found a runed translucent gate.
  1687 | D:3      | Noticed a kobold brigand
  1688 | D:3      | Noticed voshxx's ghost (amateur MiHu)
  1922 | D:3      | Reached skill level 5 in Ranged Weapons
  1981 | D:3      | Found a transporter.
  1985 | D:3      | Found a transporter.
  2052 | D:3      | Noticed Ijyb
  2397 | D:3      | Reached XP level 5. HP: 40/41 MP: 5/5
  2413 | D:3      | Identified the +9 spear of the Burning Gods {holy, Str+4
                  | Stlth+}
  2682 | D:3      | Found a faded altar of an unknown god.
  2721 | D:3      | Found a radiant altar of Vehumet.
  2800 | D:4      | Found Dyemeh's Weapon Shop.
  2804 | D:4      | Found a hide-covered altar of Uskayaw.
  3039 | D:4      | Noticed Natasha
  3084 | D:3      | Killed Natasha
  3166 | D:4      | Reached skill level 1 in Short Blades
  3358 | D:4      | Found a staircase to the Ecumenical Temple.
  3366 | Temple   | Entered the Ecumenical Temple
  3649 | D:4      | Noticed a black bear
  3669 | D:4      | Killed a black bear
  3670 | D:4      | Reached XP level 6. HP: 48/48 MP: 6/6
  3728 | D:4      | Found a snail-covered altar of Cheibriados.
  4149 | D:4      | Reached skill level 6 in Ranged Weapons
  4263 | D:5      | Entered Level 5 of the Dungeon
  4471 | D:5      | Gained mutation: Your touch may inflict irresistible damage
                  | on your foes. [demonic ancestry]
  4471 | D:5      | Reached XP level 7. HP: 54/54 MP: 7/7
  4711 | D:5      | Found a sparkling altar of Nemelex Xobeh.
  5332 | D:6      | Found a broken altar of Ashenzari.
  5417 | D:6      | Found Myduhiji's Magic Scroll Emporium.
  5435 | D:6      | Reached skill level 7 in Ranged Weapons
  5444 | D:6      | Bought a scroll of magic mapping for 82 gold pieces
  5444 | D:6      | Bought a scroll of poison for 44 gold pieces
  5444 | D:6      | Bought a scroll of fog for 44 gold pieces
  5444 | D:6      | Bought a scroll of brand weapon for 104 gold pieces
  5444 | D:6      | Bought a scroll of identify for 22 gold pieces
  5444 | D:6      | Bought a scroll of teleportation for 33 gold pieces
  5465 | D:6      | Noticed a steam dragon
  5498 | D:6      | Reached XP level 8. HP: 61/61 MP: 8/8
  5520 | D:6      | Found an iron altar of Okawaru.
  6052 | D:6      | Reached skill level 8 in Ranged Weapons
  6218 | D:6      | Found a blossoming altar of Fedhas.
  6739 | D:7      | Reached skill level 5 in Fighting
  6749 | D:7      | HP: 3/84 [wight/+0 battleaxe (4)]
  7186 | D:7      | Found an ornate altar of the Wu Jian Council.
  7256 | D:7      | Reached skill level 5 in Short Blades
  7256 | D:7      | Reached skill level 9 in Ranged Weapons
  7256 | D:7      | Gained mutation: You are surrounded by a mild repulsion
                  | field. (EV +2) [demonic ancestry]
  7256 | D:7      | Reached XP level 9. HP: 54/68 MP: 9/9
  7957 | D:8      | Identified the +5 hand axe "Fipaos" {pain, rF++ Int-5 Dex+2
                  | Stlth+}
  8771 | D:9      | Noticed Erolcha
  8778 | D:9      | Noticed a gargoyle
  8787 | D:8      | Mangled by Erolcha

Illustrated notes

Levels and vault maps discovered:
D:1:      saegor_arrival_simple_e, layout_basic, serial_shops, shop,
          minmay_misc_feat_tower
D:2:      layout_basic, minmay_door_square, uniq_robin
D:3:      gammafunk_wand_slinger, layout_basic, tso_altar, zin_scriptorium,
          mainiacjoe_overflow_cross_hatched, nicolae_overflow_ecumenical_swirl,
          serial_bayou, serial_bayou_pond_b, serial_bayou_shore_b,
          serial_bayou_shore_b, serial_bayou_lagoon_a,
          gammafunk_ghost_nasty_kobolds, minmay_misc_feat_doors, uniq_ijyb
D:4:      minmay_skewed_foursquare, layout_loops_ring, old_standard_altar,
          nicolae_uskayaw_dance_hall, minmay_temple_entry_glassed_door,
          serial_shops, shop, uniq_natasha
D:5:      layout_layer_cave, nemelex_diamond_rough_becter
D:6:      layout_cave_pools, kennysheep_okawaru_gauntlet,
          nicolae_ashenzari_skybound, mainiacjoe_overflow_paths, serial_shops,
          shop
D:7:      layout_loops_corners, nicolae_overflow_crystal_walls,
          hellmonk_guarded_unrand_night
D:8:      nicolae_cairo_tiling, layout_basic, serial_curves, eino_curves_04,
          eino_curves_01, eino_curves_01
D:9:      layout_rooms, kennysheep_mini_moat,
          mainiacjoe_overflow_concentric_impassable, erik_lair_dragon,
          minmay_orc_entry_temple_small, serial_shops, nicolae_shop_statue_plus,
          uniq_erolcha, uniq_prince_ribbit1
Temple:   nicolae_temple_bog_church

Skill      XL: |  1  2  3  4  5  6  7  8  9 |
---------------+----------------------------+-----
Ranged Weapons | 4 5 6 7 9 |  9.6
Fighting       | 3 4 5 6 |  6.1
Short Blades   | 1 2 3 5 |  5.5
Dodging        | |  1.7
Stealth        | |  0.8

Action                   |  1- 3 |  4- 6 |  7- 9 || total
-------------------------+-------+-------+-------++-------
Melee: Dagger            |       |    17 |   136 ||   153
       Touch             |       |     3 |    18 ||    21
       Headbutt          |       |     3 |    26 ||    29
       Punch             |       |     1 |     1 ||     2
 Fire: Shortbow          |    94 |   140 |   146 ||   380
Throw: Dart              |       |       |     1 ||     1
       Throwing net      |       |       |     1 ||     1
Evoke: Wand              |       |     1 |     3 ||     4
  Use: Potion            |     4 |       |     2 ||     6
       Scroll            |       |     5 |    12 ||    17
 Stab: Sleeping          |       |     1 |       ||     1
Armor: Leather armour    |     4 |    12 |    24 ||    40
       Skin              |     8 |       |     8 ||    16
Dodge: Dodged            |    18 |    30 |    58 ||   106
Block: Other             |       |       |    20 ||    20
       Reflection        |       |       |     1 ||     1

Table legend: (Time is in decaauts)
 A = Elapsed time spent in this place.
 B = Non-inter-level travel time spent in this place.
 C = Inter-level travel time spent in this place.
 D = Time resting spent in this place.
 E = Time spent auto-exploring this place.
 F = Levels seen in this place.
 G = Mean time per level.
                   A        B        C        D        E       F      G
               +--------+--------+--------+--------+--------+-----+--------+
         Total |   8815 |   8448 |    367 |   1343 |   4835 |  10 |  881.5 |
       Dungeon |   8730 |   8363 |    367 |   1343 |   4835 |   9 |  970.0 |
        Temple |     85 |     85 |      0 |      0 |      0 |   1 |   85.0 |
               +--------+--------+--------+--------+--------+-----+--------+

Top non-repeatable levels by time:
     D:7: 1465 daAuts
     D:3: 1347 daAuts
     D:4: 1220 daAuts
     D:5: 1208 daAuts
     D:2: 966 daAuts
     D:8: 956 daAuts
     D:6: 850 daAuts
     D:1: 708 daAuts
  Temple: 85 daAuts
     D:9: 7 daAuts
